 Dungeon Crawl Stone Soup version 0.27.1-33-g824d729ab1 (webtiles) character file.

Game seed: 4188755601339813986

76 zeram the Caller (level 4, 0/39 HPs)
             Began as a Troll Summoner on Dec 10, 2021.
             Slain by a gnoll shaman (11 damage)
             ... on level 3 of the Dungeon.
             The game lasted 00:03:57 (2147 turns).

zeram the Caller (Troll Summoner)                   Turns: 2147, Time: 00:03:58

Health: 0/39       AC:  4    Str: 16    XL:     4   Next: 12%
Magic:  5/5        EV: 10    Int: 12    God:
Gold:   34         SH:  0    Dex: 10    Spells: 2/6 levels left

rFire    . . .     SeeInvis .   d - +0 club
rCold    . . .     Faith    .   (no shield)
rNeg     . . .     Spirit   .   a - +0 robe
rPois    .         Reflect  .   (helmet restricted)
rElec    .         Harm     .   (no cloak)
rCorr    .         Rampage  .   (gloves unavailable)
Will     .....                  (boots unavailable)
Stlth    +.........             (no amulet)
HPRegen  1.13/turn              (no ring)
MPRegen  0.09/turn              (no ring)

@: hasted, very quick
A: large, unfitting armour, claws 3, regeneration 1, shaggy fur 1, tough skin 1
a: no special abilities


You were on level 3 of the Dungeon.
You visited 1 branch of the dungeon, and saw 3 of its levels.

You collected 34 gold pieces.

Inventory:

Hand Weapons
 d - a +0 club (weapon)
Armour
 a - a +0 robe (worn)
Scrolls
 b - 3 scrolls of identify
Potions
 e - a potion of attraction
 f - a potion of flight


   Skills:
 + Level 2.2 Dodging
 - Level 1.1 Stealth
 - Level 1.2 Unarmed Combat
 * Level 1.6 Spellcasting
 * Level 3.4 Summonings


You had 2 spell levels left.
You knew the following spells:

 Your Spells              Type           Power      Damage    Failure   Level
a - Summon Small Mammal   Summ           36%        N/A       7%          1
c - Call Canine Familiar  Summ           9%         N/A       21%         3

Your spell library contained the following spells:

 Spells                   Type           Power      Damage    Failure   Level
 Call Imp                 Summ           9%         N/A       11%         2
 Sandblast                Erth           0%         2d4       28%         1
 Passwall                 Tmut/Erth      0%         N/A       41%         2
 Summon Guardian Golem    Hex/Summ       5%         N/A       38%         3
 Summon Lightning Spire   Summ/Air       5%         N/A       80%         4
 Lee's Rapid Deconstruct  Erth           0%         3d5*      100%        5


Dungeon Overview and Level Annotations

Branches:
Dungeon (3/15)

Altars:


Innate Abilities, Weirdness & Mutations

You are too large for most types of armour.
You have claws for hands.
Your natural rate of healing is unusually fast.
You are covered in fur. (AC +1)
You have tough skin. (AC +1)


Message History

You barely miss the gnoll shaman.
The gnoll shaman is lightly wounded.
The gnoll shaman barely misses you.
The gnoll shaman hits you with a +0 whip.
You hit the gnoll shaman.
The gnoll shaman is moderately wounded.
The gnoll shaman hits you with a +0 whip.
You hit the gnoll shaman but do no damage.
The gnoll shaman is moderately wounded.
The gnoll shaman hits you with a +0 whip.
You hit the gnoll shaman but do no damage.
The gnoll shaman is moderately wounded.
The gnoll shaman hits you with a +0 whip. x2
You hit the gnoll shaman but do no damage.
The gnoll shaman is moderately wounded.
The gnoll shaman hits you with a +0 whip.
You hit the gnoll shaman but do no damage.
The gnoll shaman is moderately wounded.
The gnoll shaman hits you with a +0 whip.
You feel yourself speed up. The gnoll shaman closely misses you.
You barely miss the gnoll shaman.
The gnoll shaman is moderately wounded.
The gnoll shaman hits you with a +0 whip!
The orc wizard gestures wildly while chanting.
The orc wizard flickers and vanishes!
Deactivating autopickup; reactivate with Ctrl-A.
You hit the gnoll shaman.
The gnoll shaman is heavily wounded.
The gnoll shaman invokes the aid of its god against you.
You resist with some effort.
You hit the gnoll shaman but do no damage.
The gnoll shaman is heavily wounded.
The gnoll shaman hits you with a +0 whip.
* * * LOW HITPOINT WARNING * * *
Something hits you.
* * * LOW HITPOINT WARNING * * *
You hit the gnoll shaman but do no damage.
The gnoll shaman is heavily wounded.
The gnoll shaman hits you with a +0 whip!
You die...

♣♣#### ♣♣P...##
♣♣PP...@#
♣.P....g#
♣.♣.P..#.#
♣♣♣###.# ##.# #
###########..# #
#........##.##
#####......#....#
.........#.#.####


You could see a gnoll shaman.

Vanquished Creatures
  3 adders
  An orc (D:3)
  3 endoplasms (D:1)
  5 giant cockroaches
  4 goblins
  A hobgoblin (D:1)
  2 jackals (D:2)
  3 kobolds
  A quokka (D:1)
  4 ball pythons
  8 bats
  3 frilled lizards
  7 rats
45 creatures vanquished.

Vanquished Creatures (collateral kills)
  A worm (D:2)
1 creature vanquished.

Grand Total: 46 creatures vanquished

Notes
Turn   | Place    | Note
-------+----------+-------------------------------------------
     0 | D:1      | zeram the Troll Summoner began the quest for the Orb.
     0 | D:1      | Reached XP level 1. HP: 16/16 MP: 1/1
    35 | D:1      | Reached skill level 3 in Summonings
   279 | D:1      | Found a faded altar of an unknown god.
   366 | D:1      | Reached XP level 2. HP: 24/24 MP: 3/3
   965 | D:2      | Reached skill level 1 in Unarmed Combat
   995 | D:2      | Reached XP level 3. HP: 31/31 MP: 4/4
  1011 | D:2      | Learned a level 3 spell: Call Canine Familiar
  2060 | D:3      | Reached XP level 4. HP: 25/39 MP: 5/5
  2147 | D:3      | Slain by a gnoll shaman

Illustrated notes

Levels and vault maps discovered:
D:1:      amcnicky_arrival_abandoned_market, layout_loops_cross, serial_forest,
          infiniplex_forest_diagonal, infiniplex_forest_zigzag_1,
          infiniplex_forest_clump_cross, infiniplex_forest_lined_room_,
          infiniplex_forest_clump_C, infiniplex_forest_clump_diagonal,
          infiniplex_forest_diagonal, infiniplex_forest_clump_double,
          infiniplex_forest_clump_small, infiniplex_forest_lined_2,
          shapermc_ecumenical_altar_totnotflames
D:2:      layout_loops_ring, kennysheep_generic_room_2
D:3:      minmay_thinvault, layout_rooms, kennysheep_decorative_pillar,
          uniq_crazy_yiuf_cottage

Skill      XL: |  1  2  3 |
---------------+----------+-----
Summonings     | 3 |  3.4
Unarmed Combat | 1 |  1.2
Dodging        | 2 |  2.2
Stealth        | |  1.1
Spellcasting   | |  1.6

Action                   |  1- 3 |  4- 6 || total
-------------------------+-------+-------++-------
Melee: Unarmed           |   130 |       ||   130
       Club              |    97 |    18 ||   115
       Punch             |     1 |       ||     1
 Cast: Summon Small Mamm |     1 |       ||     1
  Use: Scroll            |     3 |       ||     3
       Potion            |     1 |     2 ||     3
 Stab: Sleeping          |     5 |       ||     5
Armor: Robe              |   117 |       ||   117
Dodge: Dodged            |   170 |     7 ||   177
